 Dungeon Crawl Stone Soup version 0.30.0-5-g1a98f26d00 (webtiles) character file.

Game seed: 9833831624678426878

67 trckry the Trooper (level 4, -5/35 HPs)
             Began as a Demonspawn Wanderer on May 8, 2023.
             Was a Follower of Kikubaaqudgha.
             Slain by Sigmund
             ... wielding a +0 scythe
              (11 damage)
             ... on level 2 of the Dungeon.
             The game lasted 00:06:56 (1320 turns).

trckry the Trooper (Demonspawn Wanderer)            Turns: 1320, Time: 00:06:57

Health: -5/35      AC:  4    Str: 18    XL:     4   Next: 0%
Magic:  5/5        EV: 11    Int: 16    God:    Kikubaaqudgha [*.....]
Gold:   94         SH:  0    Dex: 12    Spells: 4/5 levels left

rFire   . . .        a - +2 dagger (venom)
rCold   . . .        (no shield)
rNeg    . . .        e - +0 robe
rPois   .            (helmet restricted)
rElec   .            (no cloak)
rCorr   .            (no gloves)
SInv    .            (no boots)
Will    .....        (no amulet)
Stlth   +            k - +6 ring of strength
HPRegen 0.25/turn    (no ring)
MPRegen 0.09/turn

%: no passive effects
@: confused
A: antennae 1, icy blue scales 1, foul stench 1
a: Renounce Religion, Unearth Wretches


You were on level 2 of the Dungeon.
You worshipped Kikubaaqudgha.
Kikubaaqudgha was aware of your devotion.
You visited 1 branch of the dungeon, and saw 2 of its levels.

You collected 94 gold pieces.

Inventory:

Hand Weapons
 a - a +2 dagger of venom (weapon)
 b - a +0 sling
Missiles
 f - 11 poisoned darts
Armour
 e - a +0 robe (worn)
Jewellery
 j - an amulet of regeneration
 k - a +6 ring of strength (left hand)
 o - a ring of flight
Scrolls
 h - 3 scrolls of identify {unknown}
 l - a scroll of magic mapping {unknown}
Potions
 c - a potion of haste {unknown}
 d - 3 potions of lignification
 g - 2 potions of curing
 i - a potion of attraction {unknown}
 m - a potion of degeneration {unknown}
 n - a potion of berserk rage {unknown}


   Skills:
 + Level 3.2 Fighting
 - Level 1.0 Short Blades
 - Level 2.6 Throwing
 + Level 2.0 Armour
 + Level 0.1 Dodging
 + Level 1.0 Spellcasting
 * Level 0.5 Necromancy
 - Level 2.6 Transmutations


You had 4 spell levels left.
You knew the following spells:

 Your Spells              Type           Power      Damage    Failure   Level
a - Beastly Appendage     Tmut           18%        N/A       8%          1

Your spell library contained the following spells:

 Spells                   Type           Power      Damage    Failure   Level
 Wereblood                Tmut           9%         N/A       12%         2
 Necrotise                Necr           8%         1d4       19%         1
 Sublimation of Blood     Necr           2%         N/A       26%         2
 Cigotuvi's Dreadful Rot  Necr/Pois/Air  2%         N/A       32%         2
 Spider Form              Tmut/Pois      5%         N/A       36%         3
 Vampiric Draining        Necr           2%         2d6       47%         3
 Call Canine Familiar     Summ           0%         N/A       56%         3
 Portal Projectile        Hex/Tloc       0%         N/A       56%         3
 Leda's Liquefaction      Hex/Erth       0%         N/A       92%         4


Dungeon Overview and Level Annotations

Branches:
Dungeon (2/15) Zot: 10653

Altars:
Kikubaaqudgha

Shops:
D:1 !

Annotations:
D:2 Sigmund


Innate Abilities, Weirdness & Mutations

You have a pair of small antennae on your head.
You are partially covered in icy blue scales. (AC +2)
You may rarely emit foul miasma when damaged in melee.


Message History

You have reached level 4!
You feel clever.
Your demonic ancestry asserts itself...
A pair of antennae grows on your head!
Health restored: 35; MP restored: 5 Your +2 dagger of venom begins to drip with poison!
a - a +2 dagger of venom (weapon)
Sigmund shouts!
Sigmund hits you but does no damage. Sigmund hits you with a +0 scythe!
You take 11 damage, and have 24/35 hp.
MASSIVE DAMAGE!!
You completely miss Sigmund. You hit Sigmund.
Sigmund is poisoned.
Sigmund is lightly wounded.
Sigmund barely misses you.
You hit Sigmund.
Sigmund looks as sick as possible!
Sigmund is moderately wounded.
Sigmund points at you and mumbles some strange words.
The puff of flame hits you!
You take 7 damage, and have 18/35 hp.
Sigmund attacks as you move away! Sigmund hits you with a +0 scythe.
You take 4 damage, and have 14/35 hp.
A hobgoblin comes into view.
The hobgoblin shouts!
Sigmund points at you and mumbles some strange words.
The magic dart hits you!
* * * LOW HITPOINT WARNING * * *
You take 9 damage, and have 5/35 hp.
MASSIVE DAMAGE!!
Sigmund gestures at you while chanting.
You are confused.
The hobgoblin misses you. The hobgoblin attacks as you move away!
The hobgoblin barely misses you. Sigmund misses you.
You miss Sigmund.
Sigmund is severely wounded.
The hobgoblin closely misses you. Sigmund gestures at you while chanting.
You resist with some effort. Sigmund attacks as you move away!
Sigmund hits you with a +0 scythe!
You die...
Kikubaaqudgha rasps: "You have failed me!
Welcome... death!"

............#######...#..
............#............
..........†..........#...
.............>............
#...........#...)....# ...
#.....<.......)..).#.##..
#...........###......)...
#...........##..g.$...#..
#...........##..@.....##
............##...@.....###
#........[................
#.#...................###.
#.##......##..........#
#.#########...........#
#.#...........####....#
..#.####..†.#.# #..#...
....###...#...## ##...#..


You could see Sigmund (very poisoned) and a hobgoblin.

Vanquished Creatures
  Robin (D:2)
  3 worms (D:2)
  A dart slug (D:2)
  A ball python (D:2)
  5 bats
  2 endoplasms (D:2)
  12 goblins
  4 hobgoblins
  2 jackals (D:2)
  2 quokkas (D:1)
  A frilled lizard (D:1)
  4 kobolds (D:1)
  3 rats (D:2)
41 creatures vanquished.

Notes
Turn   | Place    | Note
-------+----------+-------------------------------------------
     0 | D:1      | trckry the Demonspawn Wanderer began the quest for the Orb.
     0 | D:1      | trckry set off with the following items: a +0 short sword,
                  | 11 poisoned darts, a +0 dagger, a potion of lignification,
                  | a +0 robe; and the following spell memorised: Beastly
                  | Appendage; and the following spells available to memorise:
                  | Wereblood, Spider Form.
     0 | D:1      | Reached XP level 1. HP: 16/16 MP: 2/2
    95 | D:1      | Found Arra's Distillery.
   378 | D:1      | Reached skill level 1 in Armour
   378 | D:1      | Gained mutation: You are partially covered in icy blue
                  | scales. (AC +2) [demonic ancestry]
   378 | D:1      | Reached XP level 2. HP: 19/23 MP: 3/3
   984 | D:2      | Gained mutation: You may rarely emit foul miasma when
                  | damaged in melee. [demonic ancestry]
   984 | D:2      | Reached XP level 3. HP: 28/28 MP: 4/4
  1018 | D:2      | Reached skill level 3 in Fighting
  1085 | D:2      | Noticed Sigmund
  1137 | D:2      | Found a faded altar of an unknown god.
  1149 | D:2      | Prayed at the altar of an unknown god.
  1149 | D:2      | Became a worshipper of Kikubaaqudgha
  1149 | D:2      | Reached * piety under Kikubaaqudgha
  1149 | D:2      | Received a gift from Kikubaaqudgha
  1222 | D:2      | Noticed Robin
  1239 | D:2      | Killed Robin
  1302 | D:2      | Gained mutation: You have a pair of small antennae on your
                  | head. [demonic ancestry]
  1302 | D:2      | Reached XP level 4. HP: 35/35 MP: 5/5
  1314 | D:2      | HP: 5/35 [Sigmund/magic dart (10)]
  1320 | D:2      | Slain by Sigmund

Illustrated notes

Levels and vault maps discovered:
D:1:      nagdon_arrival_zigzag_paths, layout_basic, serial_shops, shop_statue,
          kennysheep_decorative_pillar
D:2:      layout_rooms, hellmonk_ecumenical_altar_dog_temple, uniq_robin,
          uniq_sigmund

Skill      XL: |  1  2  3 |
---------------+----------+-----
Armour         | 1 2 |  2.0
Fighting       | 3 |  3.2
Short Blades   | |  1.0
Throwing       | |  2.6
Dodging        | |  0.1
Spellcasting   | |  1.0
Necromancy     | |  0.5
Transmutations | |  2.6

Action                     |  1- 3 |  4- 6 || total
---------------------------+-------+-------++-------
  Melee: Dagger            |    42 |     4 ||    46
   Fire: Sling             |    97 |       ||    97
 Armour: Robe              |    29 |     1 ||    30
  Dodge: Dodged            |    71 |     5 ||    76
